 Dungeon Crawl Stone Soup version 0.21.0 (webtiles) character file.

91 imganon the Chopper (level 4, 0/52 HPs)
             Began as a Demonspawn Berserker on Jan 7, 2018.
             Was a Believer of Trog.
             Slain by an orc
             ... wielding a +0 trident
              (9 damage)
             ... on level 2 of the Dungeon.
             The game lasted 00:02:31 (1486 turns).

imganon the Chopper (Demonspawn Berserker)          Turns: 1486, Time: 00:02:31

Health: 0/52       AC:  2    Str: 23    XL:     4   Next: 34%
Magic:  4/4        EV: 12    Int:  8    God:    Trog [**....]
Gold:   91         SH:  6    Dex: 13    Spells: 3/3 levels left

rFire    . . .     SeeInvis .   a - +0 hand axe
rCold    . . .     Gourm    .   (no shield)
rNeg     . . .     Faith    .   b - +0 animal skin
rPois    .         Spirit   .   (no helmet)
rElec    .         Reflect  .   (no cloak)
rCorr    .         Harm     .   (no gloves)
MR       .....                  (no boots)
Stlth    ..........             (no amulet)
HPRegen  0.17/turn              (no ring)
MPRegen  0.09/turn              (no ring)

@: berserking, lethally poisoned (0 -> -1), starving, very quick
A: large bone plates 2
a: Berserk, Trog's Hand, Burn Spellbooks, Renounce Religion


You were on level 2 of the Dungeon.
You worshipped Trog.
Trog was pleased with you.
You were starving.

You visited 1 branch of the dungeon, and saw 2 of its levels.

You collected 91 gold pieces.

Inventory:

Hand Weapons
 a - a +0 hand axe (weapon)
Armour
 b - a +0 animal skin (worn)
Scrolls
 e - 6 scrolls of identify {unknown}
 g - 2 scrolls of teleportation {unknown}
 k - 2 scrolls of enchant armour {unknown}
Potions
 d - a potion of degeneration {unknown}
 f - a potion of curing {unknown}
 h - a potion of ambrosia {unknown}
 j - a potion of haste {unknown}
Books
 i - a book of Minor Magic

   Spells                             Type                      Level
   a - Magic Dart                     Conjuration                  1
   b - Blink                          Translocation                2
   c - Call Imp                       Summoning                    2
   d - Slow                           Hexes                        2
   e - Conjure Flame                  Conjuration/Fire             3
   f - Mephitic Cloud                 Conjuration/Poison/Air       3
   Trog disapproves of the use of such an item.
Comestibles
 c - 7 rations


   Skills:
 - Level 3.0 Fighting
 + Level 4.7 Axes
 - Level 1.7 Armour
 - Level 1.7 Dodging


You had 3 spell levels left.
You didn't know any spells.

Dungeon Overview and Level Annotations

Branches:
Dungeon (2/15)

Altars:


Innate Abilities, Weirdness & Mutations

You are mostly covered in large bone plates. (SH +6)


Message History

The orc hits you from afar with a trident.
* * * LOW HITPOINT WARNING * * *
You block the adder's attack. The orc hits you with a flail.
* * * LOW HITPOINT WARNING * * *
Unknown command.
Unknown command.
You hit the orc but do no damage. You hit the adder.
You feel sick. The orc barely misses you.
The adder bites you but does no damage.
Unknown command.
You slash the orc!
You kill the orc!
Trog accepts your kill.
You barely miss the adder.
Unknown command.
You miss the adder.
The adder is heavily wounded.
The adder bites you.
* * * LOW HITPOINT WARNING * * *
The orc hits you from afar with a trident!
You die...

###########.#
.#.......##.###
.#.#####.##...######.
.#.#####.##...#$.....
.#....##....#.#.#
.####.#####...#....#
.####.#####...####.# #
......>.........##.#...#
................@).....#
###............^#S#.#..#
#.............#.o....#
#...............#.#.##
#....#.#######......#
###.......## ...####
...........# ####
###..#.#.#.# #........#


You could see an adder and an orc.

Vanquished Creatures
  An orc wizard (D:2)
  2 adders (D:2)
  An ooze (D:2)
  A leopard gecko (D:1)
  5 orcs (D:2)
  A ball python (D:2)
  2 giant cockroaches (D:2)
  5 goblins
  3 hobgoblins (D:1)
  3 jackals (D:2)
  2 kobolds
  2 bats (D:1)
  3 frilled lizards
  3 rats
34 creatures vanquished.

Notes
Turn   | Place    | Note
-------+----------+-------------------------------------------
     0 | D:1      | imganon the Demonspawn Berserker began the quest for the Orb.
     0 | D:1      | Reached XP level 1. HP: 18/18 MP: 1/1
    67 | D:1      | Reached skill level 3 in Axes
   254 | D:1      | Gained mutation: You are partially covered in large bone plates. (SH +4) [demonic ancestry]
   254 | D:1      | Reached XP level 2. HP: 24/24 MP: 2/2
   759 | D:2      | Reached skill level 4 in Axes
   759 | D:2      | Gained mutation: You are mostly covered in large bone plates. (SH +6) [demonic ancestry]
   759 | D:2      | Reached XP level 3. HP: 11/29 MP: 3/3
   759 | D:2      | Reached ** piety under Trog
   961 | D:2      | Reached XP level 4. HP: 22/35 MP: 4/4
  1486 | D:2      | Slain by an orc

Skill      XL: |  1  2 |
---------------+-------+-----
Axes           | 3 4 |  4.7
Fighting       | |  3.0
Armour         | |  1.7
Dodging        | |  1.7

Action                   |  1- 3 |  4- 6 || total
-------------------------+-------+-------++-------
Melee: Hand axe          |    89 |    20 ||   109
Invok: Berserk           |     1 |     1 ||     2
 Stab: Sleeping          |       |     1 ||     1
  Eat: Chunk             |     1 |     1 ||     2
Armor: Animal skin       |    16 |     3 ||    19
Dodge: Dodged            |    63 |    12 ||    75
Block: Other             |    21 |     4 ||    25
